 Dungeon Crawl Stone Soup version 0.18-a0-1372-gd644665 (webtiles) character file.

315 M4edhros the Sneak (level 6, -1/42 HPs)
             Began as an Octopode Monk on Feb 21, 2016.
             Slain by an orc (4 damage)
             ... on level 4 of the Dungeon.
             The game lasted 00:04:01 (2727 turns).

M4edhros the Sneak (Octopode Monk)                  Turns: 2727, Time: 00:04:01

Health: -1/42      AC:  1    Str:  9 (12) XL:     6   Next: 44%
Magic:  6/6        EV: 13    Int: 10 (13) God:
Gold:   207        SH:  0    Dex: 15 (16) Spells: 0 memorised, 5 levels left

rFire  . . .     SeeInvis .       - Unarmed
rCold  . . .     Gourm    .     (no shield)
rNeg   . . .     Faith    .     (helmet restricted)
rPois  .         Spirit   .     (no amulet)
rElec  .         Dismiss  .     l - +2 ring of strength
rCorr  .         Reflect  .     (no ring)
SustAt .         Harm     .     (no ring)
MR     .....                    (no ring)
Stlth  +++++.....               (no ring)
                                (no ring)
                                (no ring)
                                (no ring)

@: exhausted, slowed, very slow, not resistant to hostile enchantments, quite
stealthy
A: almost no armour, amphibious, 8 rings, constrict 8, camouflage 1, gelatinous
body 1
a: no special abilities


You were on level 4 of the Dungeon.
You were hungry.

You visited 1 branch of the dungeon, and saw 4 of its levels.

You collected 207 gold pieces.

Inventory:

Hand Weapons
 b - a +0 hunting sling
Missiles
 g - 259 stones (quivered)
 m - 24 sling bullets
Jewellery
 l - a +2 ring of strength (left tentacle)
 r - an uncursed ring of ice
Scrolls
 c - 3 scrolls of noise
 d - 3 scrolls of remove curse
 e - 2 scrolls of amnesia {unknown}
 h - a scroll of magic mapping
 j - a scroll of fear {unknown}
 p - a scroll of identify
 t - a scroll of recharging {unknown}
Potions
 i - a potion of berserk rage
Comestibles
 a - 3 bread rations
 f - 3 meat rations
 k - 3 beef jerkies
 o - a slice of pizza


   Skills:
 - Level 3.0 Fighting
 - Level 3.0 Dodging
 + Level 6.6 Stealth
 + Level 6.1 Unarmed Combat


You had 5 spell levels left.
You didn't know any spells.

Dungeon Overview and Level Annotations

Branches:
Dungeon (4/15)
 Temple: D:4-7

Altars:
Elyvilon
Yredelemnul
The Shining One

Shops:
D:4 :


Innate Abilities, Weirdness & Mutations

You cannot wear most types of armour.
You are amphibious.
You can wear up to eight rings at the same time.
You can use your tentacles to constrict eight enemies at once.
Your skin changes colour to match your surroundings (Stealth).
Your rubbery body absorbs attacks (AC +1).


Message History

You feel weakened.
You feel dopey.
You feel clumsy. The orc hits you with a mace.
The orc wizard barely misses you. The orc barely misses you.
The iguana bites you but does no damage.
The orc hits you with a mace.
You completely miss the orc wizard. Your grab misses the orc wizard.
You squeeze the orc wizard, but do no damage.
The orc wizard hits you but does no damage.
The orc misses you. The iguana closely misses you.
The orc hits you with a mace!
* * * LOW HITPOINT WARNING * * *
The orc wizard misses you. The orc closely misses you.
Unknown command.
Unknown command.
The orc closely misses you. The iguana closely misses you. The orc hits you.
* * * LOW HITPOINT WARNING * * *
Unknown command.
Unknown command.
The orc hits you.
You die...

..# #.## ### #..###
#### ##...##
..<#####.∩.####
##...#####....#
###........#.##
########....###########
##.....lo.......
###..@o........
#...o........
#....).......
#............
#..>)........
#............
##...........
##..........
###########


You could see an iguana, an orc wizard and 2 orcs.

Vanquished Creatures
  A centaur skeleton (D:4)
  2 worker ants (D:4)
  An orc wizard (D:4)
  8 adders
  A shadow imp (D:3)
  2 oozes
  An adder zombie (D:4)
  3 worms (D:2)
  A giant gecko (D:2)
  12 orcs
  A ball python (D:3)
  12 bats
  9 giant cockroaches
  8 goblins
  12 hobgoblins
  A jackal (D:4)
  5 quokkas
  3 giant newts
  10 kobolds
  13 rats
106 creatures vanquished.

Notes
Turn   | Place    | Note
--------------------------------------------------------------
     0 | D:1      | M4edhros the Octopode Monk began the quest for the Orb.
     0 | D:1      | Reached XP level 1. HP: 16/16 MP: 1/1
    32 | D:1      | Reached XP level 2. HP: 21/21 MP: 2/2
   315 | D:1      | Reached XP level 3. HP: 17/26 MP: 3/3
   732 | D:2      | Reached skill level 5 in Unarmed Combat
   764 | D:2      | Reached XP level 4. HP: 31/31 MP: 4/4
  1398 | D:3      | Reached skill level 5 in Stealth
  1406 | D:3      | Reached XP level 5. HP: 14/36 MP: 5/5
  1923 | D:3      | Found a glowing golden altar of the Shining One.
  2163 | D:4      | Reached skill level 6 in Stealth
  2206 | D:4      | Reached XP level 6. HP: 17/42 MP: 6/6
  2427 | D:4      | Found Neaxzun's Book Shop.
  2460 | D:4      | Found a white marble altar of Elyvilon.
  2513 | D:4      | Found a basalt altar of Yredelemnul.
  2727 | D:4      | Slain by an orc

Vault maps used:
D:1:      dpeg_arrival_tiny_b
D:2:      kennysheep_potato
D:3:      tso_altar, nrook_mini_backslash, minmay_surrounded
D:4:      kennysheep_ying_yang, serial_shops, shop

Action                   |  1- 3 |  4- 6 || total
-------------------------+-------+-------++-------
Melee: Unarmed           |    68 |   131 ||   199
  Use: Scroll            |       |     4 ||     4
       Potion            |       |     8 ||     8
 Stab: Sleeping          |    16 |    22 ||    38
       Distracted        |     1 |       ||     1
  Eat: Chunk             |       |     6 ||     6
